Jets vs Canucks
Created - April 28, 2018 at 23:25
Goals
|
| Jets |
2 |
0 |
1 |
3 |
| Canucks |
2 |
3 |
0 |
5 |
|
Shots
|
| Jets |
11 |
14 |
9 |
34 |
| Canucks |
17 |
13 |
0 |
30 |
|
1st period
1. Jets , Dustin Brown 30 (Benoit Pouliot 60) at 9:38
2. Canucks , Brad Boyes 59 (Clarke MacArthur 49, Mike Ribeiro 61) at 10:35 (PP)
3. Canucks , Chris Higgins 21 (Jiri Hudler 28) at 12:24
4. Jets , Benoit Pouliot 55 (Marco Scandella 50, Lee Stempniak 22) at 13:41
Penalties :
Marcus Johansson (Win) for Holding (Minor) at 2:00, Marco Scandella (Win) for Hooking (Minor) at 10:25
2nd period
5. Canucks , Clarke MacArthur 28 (Danny DeKeiser 6) at 0:55 (PP)
6. Canucks , Brad Boyes 60 (Clarke MacArthur 50) at 2:43 (PP)
7. Canucks , Ryan Hollweg 18 (Danny DeKeiser 7, Shaone Morrisonn 14) at 10:53
Penalties :
Alexander Frolov (Win) for Charging (Minor) at 0:50, Marco Scandella (Win) for Tripping (Minor) at 2:30, Matt Stajan (Van) for Slashing (Minor) at 6:29
3rd period
8. Jets , Joe Colborne 15 (Lee Stempniak 23, Justin Falk 5) at 11:09
Penalties :
Matt Stajan (Van) for Slashing (Minor) at 2:51, Devin Setoguchi (Win) for Interference (Minor) at 6:18, Alexander Frolov (Win) for Boarding (Minor) at 14:12, Lee Stempniak (Win) for Goalie Interference (Minor) at 18:35
Goalie Stats
Kari Lehtonen (Win), 25 saves from 30 shots - (0.833), L, 31-19-2, 60:00 minutes
Michal Neuvirth (Van), 31 saves from 34 shots - (0.912), W, 50-13-7, 60:00 minutes
Players Stats for Jets
Player Name G A P +/- PIM S H SB GA TA FO MP PP MP PK MP
------------------------------------------------------------------------------------
Alexander Frolov 0 0 0 0 4 2 1 0 0 0 0/1 15:27 1:54 2:20
Anton Volchenkov 0 0 0 1 0 1 1 0 0 0 0/0 15:07 0:07 3:13
Benoit Pouliot 1 1 2 1 0 4 1 0 0 0 0/0 20:00 2:04 0:29
Derek Roy 0 0 0 1 0 3 2 0 1 1 17/27 20:33 2:04 0:52
Derek Stepan 0 0 0 0 0 0 0 0 0 0 0/0 0:00 0:00 0:00
Devin Setoguchi 0 0 0 0 2 3 0 0 2 0 0/0 13:14 1:54 0:00
Dustin Brown 1 0 1 1 0 2 0 0 1 0 0/0 23:39 2:04 4:23
Eric Gelinas 0 0 0 0 0 1 0 1 0 1 0/0 17:51 2:26 0:10
Erik Haula 0 0 0 -1 0 0 2 0 1 0 2/9 11:04 0:00 4:31
James Wright 0 0 0 -1 0 0 2 0 0 0 8/21 19:22 1:54 0:00
Joe Colborne 1 0 1 1 0 4 0 0 0 0 2/6 14:26 0:00 1:43
Josh Bailey 0 0 0 -1 0 0 1 0 0 0 0/1 6:38 0:00 0:00
Justin Falk 0 1 1 1 0 3 0 0 0 0 0/0 12:22 0:07 0:10
Lee Stempniak 0 2 2 1 2 2 2 0 0 0 0/1 14:11 0:00 1:20
Marco Scandella 0 1 1 0 4 3 2 3 2 1 0/0 26:03 1:25 4:13
Marcus Johansson 0 0 0 1 2 2 2 0 0 0 1/1 13:32 0:00 0:00
Shea Weber 0 0 0 0 0 4 0 2 0 0 0/0 21:33 2:26 3:26
Tyler Myers 0 0 0 0 0 0 1 1 1 1 0/0 27:02 1:25 4:26
Players Stats for Canucks
Player Name G A P +/- PIM S H SB GA TA FO MP PP MP PK MP
------------------------------------------------------------------------------------
Alex Goligoski 0 0 0 -2 0 2 2 2 1 1 0/0 30:01 4:48 1:32
Ben Lovejoy 0 0 0 -1 0 1 0 1 0 0 0/0 19:21 2:43 2:26
Brad Boyes 2 0 2 -2 0 4 1 1 1 0 1/1 27:01 4:27 1:05
Chris Higgins 1 0 1 0 0 2 1 0 0 1 1/1 18:45 3:17 1:30
Clarke MacArthur 1 2 3 -2 0 3 0 0 0 0 2/2 24:39 4:30 0:54
Danny DeKeiser 0 2 2 2 0 1 1 1 0 0 0/0 16:30 5:06 0:00
Darren Helm 0 0 0 0 0 0 0 0 0 0 0/0 4:44 0:00 0:50
Jamie McBain 0 0 0 -2 0 1 0 0 0 2 0/0 27:56 2:43 1:32
Jiri Hudler 0 1 1 0 0 2 0 0 0 0 1/1 14:43 0:02 0:00
Martins Karsums 0 0 0 0 0 0 0 0 0 0 0/0 4:01 3:17 0:00
Matt Stajan 0 0 0 0 4 2 2 0 0 0 8/13 14:53 0:05 0:00
Maxim Lapierre 0 0 0 1 0 3 0 0 0 0 3/6 11:12 0:00 0:38
Mike Ribeiro 0 1 1 -2 0 1 0 0 0 1 18/40 24:19 4:30 1:05
Nik Antropov 0 0 0 0 0 0 1 0 1 0 2/2 7:41 3:17 0:59
Peter Prucha 0 0 0 1 0 1 0 0 1 1 0/0 10:34 0:00 0:00
Ryan Hollweg 1 0 1 1 0 3 2 0 0 0 1/1 12:51 0:02 0:55
Sami Lepisto 0 0 0 -1 0 0 0 0 0 0 0/0 13:28 0:00 0:00
Shaone Morrisonn 0 1 1 2 0 4 0 3 0 2 0/0 13:21 0:18 2:26
3 Stars
1 - Danny DeKeiser (Van)
2 - Brad Boyes (Van)
3 - Ryan Hollweg (Van)
Power Play
Jets - 0 on 2 Attempt(s) - 0.00%
Canucks - 3 on 7 Attempt(s) - 42.86%
Penalty Kill
Jets - 4 on 7 Attempt(s) - 57.14%
- Score 0 goal in Penalty Kill
Canucks - 2 on 2 Attempt(s) - 100.00%
- Score 0 goal in Penalty Kill
Team Stat
Jets - Hits : 17 - Faceoff Wins : 30 - Blocked Shots : 7 - Penalty Minutes : 14
Canucks - Hits : 10 - Faceoff Wins : 37 - Blocked Shots : 8 - Penalty Minutes : 4
Official
Referees : Kimmerly Greg and Rooney Chris
Linesman : Vaughan Rody and Brian Mach
Game Notes
No Game Note
Finance
Level 1 -- Attendance: 5449 (90.82%) -- Ticket Income $490,410
Level 2 -- Attendance: 4335 (86.70%) -- Ticket Income $229,755
Level 3 -- Attendance: 2000 (100.00%) -- Ticket Income $68,000
Level 4 -- Attendance: 3739 (93.48%) -- Ticket Income $78,519
Luxury Box -- Attendance: 1000 (100.00%) -- Ticket Income $104,000
Game was played at the Budweiser Coliseum.
Total Attendance: 16523 (91.79%)
Total Ticket Income: $970,684
Other Income: $145,603
Total Income: $1,116,287
Jets
5 vs 5 Forward
Center Left Wing Right Wing Time % Phy DF OF
1 Derek Roy Benoit Pouliot Dustin Brown 40 1 2 2
2 James Wright Alexander Frolov Devin Setoguchi 25 1 2 2
3 Joe Colborne Marcus Johansson Lee Stempniak 20 0 3 2
4 James Wright Erik Haula Josh Bailey 15 1 2 2
5 vs 5 Defense
Defense Defense Time % Phy DF OF
1 Tyler Myers Marco Scandella 40 1 2 2
2 Shea Weber Eric Gelinas 30 1 2 2
3 Anton Volchenkov Justin Falk 25 1 2 2
4 Shea Weber Tyler Myers 5 1 2 2
PowerPlay Forward
Center Left Wing Right Wing Time % Phy DF OF
1 Derek Roy Benoit Pouliot Dustin Brown 60 1 0 4
2 James Wright Alexander Frolov Devin Setoguchi 40 1 2 2
PowerPlay Defense
Defense Defense Time % Phy DF OF
1 Marco Scandella Tyler Myers 55 1 1 3
2 Eric Gelinas Shea Weber 45 0 1 4
Penalty Kill 4 Players Forward
Center Wing Time % Phy DF OF
1 Erik Haula Dustin Brown 60 1 2 2
2 Joe Colborne Alexander Frolov 40 1 2 2
Penalty Kill 4 Players Defense
Defense Defense Time % Phy DF OF
1 Marco Scandella Tyler Myers 60 1 2 2
2 Anton Volchenkov Shea Weber 40 1 2 2
Penalty Kill - 3 Players Forward
Forward Time % Phy DF OF
1 Erik Haula 60 1 2 2
2 Alexander Frolov 40 1 2 2
Penalty Kill - 3 Players Defense
Defense Defense Time % Phy DF OF
1 Shea Weber Anton Volchenkov 60 1 2 2
2 Eric Gelinas Marco Scandella 40 1 2 2
4 vs 4 Forward
Center Wing Time % Phy DF OF
1 James Wright Devin Setoguchi 60 1 2 2
2 Derek Roy Benoit Pouliot 40 1 2 2
4 vs 4 Defense
Defense Defense Time % Phy DF OF
1 Shea Weber Tyler Myers 60 1 2 2
2 Marco Scandella Tyler Myers 40 1 2 2
Last Minutes Offensive
Center Left Wing Right Wing Defense Defense
Derek Roy Benoit Pouliot Dustin Brown Shea Weber Marco Scandella
Last Minutes Defensive
Center Left Wing Right Wing Defense Defense
Derek Roy Erik Haula Dustin Brown Tyler Myers Marco Scandella
Goaltenders
Starting : Kari Lehtonen
Backup : Jacob Markstrom
Extra Forwards
Normal : Marcus Johansson, Derek Roy, Lee Stempniak - PP : Marcus Johansson, Derek Roy - PK : Lee Stempniak
Extra Defensemen
Normal : Eric Gelinas, Shea Weber, Marco Scandella - PP : Eric Gelinas - PK : Shea Weber, Marco Scandella
Penalty Shots
Derek Roy, Benoit Pouliot, Devin Setoguchi, Lee Stempniak, Marcus Johansson
Scratches
Fredrik Sjostrom (Healthy), Kevin Klein (Healthy), Michael Rupp (Healthy)
Canucks
5 vs 5 Forward
Center Left Wing Right Wing Time % Phy DF OF
1 Mike Ribeiro Clarke MacArthur Brad Boyes 60 0 0 5
2 Matt Stajan Chris Higgins Jiri Hudler 22 0 0 5
3 Maxim Lapierre Ryan Hollweg Peter Prucha 14 0 2 3
4 Nik Antropov Darren Helm Brad Boyes 4 0 3 2
5 vs 5 Defense
Defense Defense Time % Phy DF OF
1 Jamie McBain Alex Goligoski 62 0 0 5
2 Ben Lovejoy Sami Lepisto 20 0 0 5
3 Shaone Morrisonn Danny DeKeiser 12 0 3 2
4 Alex Goligoski Danny DeKeiser 6 0 0 5
PowerPlay Forward
Center Left Wing Right Wing Time % Phy DF OF
1 Mike Ribeiro Clarke MacArthur Brad Boyes 80 0 0 5
2 Nik Antropov Chris Higgins Martins Karsums 20 0 0 5
PowerPlay Defense
Defense Defense Time % Phy DF OF
1 Danny DeKeiser Alex Goligoski 80 0 0 5
2 Ben Lovejoy Jamie McBain 20 0 0 5
Penalty Kill 4 Players Forward
Center Wing Time % Phy DF OF
1 Mike Ribeiro Brad Boyes 60 1 2 2
2 Clarke MacArthur Nik Antropov 40 1 2 2
Penalty Kill 4 Players Defense
Defense Defense Time % Phy DF OF
1 Shaone Morrisonn Ben Lovejoy 60 1 2 2
2 Jamie McBain Alex Goligoski 40 1 2 2
Penalty Kill - 3 Players Forward
Forward Time % Phy DF OF
1 Mike Ribeiro 60 1 2 2
2 Brad Boyes 40 1 2 2
Penalty Kill - 3 Players Defense
Defense Defense Time % Phy DF OF
1 Alex Goligoski Shaone Morrisonn 60 1 2 2
2 Jamie McBain Alex Goligoski 40 1 2 2
4 vs 4 Forward
Center Wing Time % Phy DF OF
1 Mike Ribeiro Brad Boyes 60 0 0 5
2 Clarke MacArthur Nik Antropov 40 1 2 2
4 vs 4 Defense
Defense Defense Time % Phy DF OF
1 Jamie McBain Alex Goligoski 60 0 0 5
2 Ben Lovejoy Alex Goligoski 40 1 2 2
Last Minutes Offensive
Center Left Wing Right Wing Defense Defense
Mike Ribeiro Clarke MacArthur Brad Boyes Alex Goligoski Jamie McBain
Last Minutes Defensive
Center Left Wing Right Wing Defense Defense
Mike Ribeiro Clarke MacArthur Brad Boyes Shaone Morrisonn Alex Goligoski
Goaltenders
Starting : Michal Neuvirth
Backup : Karri Ramo
Extra Forwards
Normal : Matt Stajan, Ryan Hollweg, Clarke MacArthur - PP : Matt Stajan, Ryan Hollweg - PK : Chris Higgins
Extra Defensemen
Normal : Ben Lovejoy, Sami Lepisto, Jamie McBain - PP : Shaone Morrisonn - PK : Sami Lepisto, Jamie McBain
Penalty Shots
Mike Ribeiro, Brad Boyes, Clarke MacArthur, Nik Antropov, Jiri Hudler
Scratches
Jordan LaVallee (Healthy), Stefan Ruzicka (Healthy)
% Time on Ice - Jets
Lines # - Real PCT - Wanted PCT - Time Play
Normal Forward
1 - 37% - 40% - 17:38
2 - 24% - 25% - 11:23
3 - 26% - 20% - 12:43
4 - 13% - 15% - 6:29
Normal Defense
1 - 42% - 40% - 20:28
2 - 32% - 30% - 15:14
3 - 24% - 25% - 11:47
4 - 2% - 5% - 0:44
PP Forward
1 - 52% - 60% - 2:04
2 - 48% - 40% - 1:54
PP Defense
1 - 39% - 55% - 1:32
2 - 61% - 45% - 2:26
PK Forward
1 - 78% - 60% - 6:06
2 - 22% - 40% - 1:43
PK Defense
1 - 59% - 60% - 4:36
2 - 41% - 40% - 3:13
PK3 Forward
1 - 0% - 60%
2 - 0% - 40%
PK3 Defense
1 - 0% - 60%
2 - 0% - 40%
44 Forward
1 - 0% - 60%
2 - 0% - 40%
44 Defense
1 - 0% - 60%
2 - 0% - 40%
Last Minute Offensive - 0:00
Last Minute Defensive - 0:00
Total
Forward - 60:00
Defense - 60:00
|
% Time on Ice - Canucks
Lines # - Real PCT - Wanted PCT - Time Play
Normal Forward
1 - 40% - 60% - 19:16
2 - 31% - 22% - 15:07
3 - 22% - 14% - 10:34
4 - 7% - 4% - 3:16
Normal Defense
1 - 47% - 62% - 22:45
2 - 30% - 20% - 14:17
3 - 22% - 12% - 10:33
4 - 1% - 6% - 0:38
PP Forward
1 - 58% - 80% - 4:32
2 - 42% - 20% - 3:17
PP Defense
1 - 65% - 80% - 5:06
2 - 35% - 20% - 2:43
PK Forward
1 - 79% - 60% - 3:08
2 - 21% - 40% - 0:50
PK Defense
1 - 61% - 60% - 2:26
2 - 39% - 40% - 1:32
PK3 Forward
1 - 0% - 60%
2 - 0% - 40%
PK3 Defense
1 - 0% - 60%
2 - 0% - 40%
44 Forward
1 - 0% - 60%
2 - 0% - 40%
44 Defense
1 - 0% - 60%
2 - 0% - 40%
Last Minute Offensive - 0:00
Last Minute Defensive - 0:00
Total
Forward - 60:00
Defense - 60:00
|
Play by Play
1st period
0:01 of 1st period - Derek Roy wins face-off versus Mike Ribeiro in neutral zone.
0:06 of 1st period - Wrist shot by Derek Roy.
0:06 of 1st period - Shot Misses the Net.
0:31 of 1st period - Snap shot by Devin Setoguchi.
0:31 of 1st period - Deflect By Alexander Frolov.
0:31 of 1st period - Shot Misses the Net.
0:31 of 1st period - Puck is out of play.
0:32 of 1st period - Ryan Hollweg wins face-off versus Joe Colborne in Canucks zone.
0:32 of 1st period - Ryan Hollweg is hit by Marcus Johansson.
0:46 of 1st period - Wrist shot by Marcus Johansson.
0:46 of 1st period - Deflect By Lee Stempniak.
0:46 of 1st period - Stopped by Michal Neuvirth without a rebound.
0:47 of 1st period - Mike Ribeiro wins face-off versus James Wright in Canucks zone.
0:54 of 1st period - Backhand shot by Clarke MacArthur.
0:54 of 1st period - Stopped by Kari Lehtonen with a rebound.
0:56 of 1st period - Snap shot by Shaone Morrisonn.
0:56 of 1st period - Stopped by Kari Lehtonen with a rebound.
0:58 of 1st period - Slapshot by Shaone Morrisonn.
0:58 of 1st period - Stopped by Kari Lehtonen with a rebound.
1:00 of 1st period - Slapshot by Danny DeKeiser.
1:00 of 1st period - Stopped by Kari Lehtonen without a rebound.
1:01 of 1st period - Nik Antropov wins face-off versus Derek Roy in Jets zone.
1:16 of 1st period - Slapshot by Alex Goligoski.
1:16 of 1st period - Stopped by Kari Lehtonen without a rebound.
1:17 of 1st period - James Wright wins face-off versus Mike Ribeiro in Jets zone.
1:17 of 1st period - James Wright is hit by Brad Boyes.
1:23 of 1st period - Slapshot by Mike Ribeiro.
1:23 of 1st period - Shot Misses the Net.
1:25 of 1st period - Wrist shot by Brad Boyes.
1:25 of 1st period - Shot Misses the Net.
1:27 of 1st period - Slapshot by Alex Goligoski.
1:27 of 1st period - Stopped by Kari Lehtonen with a rebound.
1:29 of 1st period - Backhand shot by Jamie McBain.
1:29 of 1st period - Shot Misses the Net.
2:00 of 1st period - Minor Penalty to Marcus Johansson for Holding.
2:01 of 1st period - Clarke MacArthur wins face-off versus Erik Haula in Jets zone.
2:12 of 1st period - Slapshot by Alex Goligoski.
2:12 of 1st period - Deflect By Clarke MacArthur.
2:12 of 1st period - Shot Misses the Net.
2:12 of 1st period - Puck is out of play.
2:13 of 1st period - Mike Ribeiro wins face-off versus Erik Haula in Jets zone.
3:47 of 1st period - Alex Goligoski is hit by Marco Scandella and loses puck.
4:00 of 1st period - Penalty to Marcus Johansson is over, Marcus Johansson is back on ice.
6:02 of 1st period - Sami Lepisto is hit by Josh Bailey and loses puck.
6:28 of 1st period - Icing by Ben Lovejoy.
6:29 of 1st period - James Wright wins face-off versus Maxim Lapierre in Canucks zone.
6:47 of 1st period - Icing by Ryan Hollweg.
6:48 of 1st period - Matt Stajan wins face-off versus Derek Roy in Canucks zone.
6:55 of 1st period - Snap shot by Chris Higgins.
6:55 of 1st period - Shot Misses the Net.
7:05 of 1st period - Snap shot by Jiri Hudler.
7:05 of 1st period - Shot Blocked by Shea Weber.
7:35 of 1st period - Slapshot by Shea Weber.
7:35 of 1st period - Stopped by Michal Neuvirth without a rebound.
7:36 of 1st period - Maxim Lapierre wins face-off versus James Wright in Canucks zone.
8:08 of 1st period - Wrist shot by Brad Boyes.
8:08 of 1st period - Stopped by Kari Lehtonen without a rebound.
8:09 of 1st period - Derek Roy wins face-off versus Mike Ribeiro in Jets zone.
8:41 of 1st period - Snap shot by Matt Stajan.
8:41 of 1st period - Shot Misses the Net.
8:46 of 1st period - Off-side.
8:47 of 1st period - Mike Ribeiro wins face-off versus James Wright in neutral zone.
8:50 of 1st period - Snap shot by Brad Boyes.
8:50 of 1st period - Stopped by Kari Lehtonen without a rebound.
8:51 of 1st period - James Wright wins face-off versus Mike Ribeiro in Jets zone.
8:51 of 1st period - James Wright is hit by Alex Goligoski.
9:01 of 1st period - Snap shot by Clarke MacArthur.
9:01 of 1st period - Shot Blocked by Marco Scandella.
9:10 of 1st period - Alex Goligoski is hit by James Wright.
9:20 of 1st period - Snap shot by Benoit Pouliot.
9:20 of 1st period - Deflect By Jiri Hudler.
9:20 of 1st period - Shot Misses the Net.
9:20 of 1st period - Puck is out of play.
9:21 of 1st period - Matt Stajan wins face-off versus Derek Roy in Canucks zone.
9:30 of 1st period - Wrist shot by Matt Stajan.
9:30 of 1st period - Stopped by Kari Lehtonen with a rebound.
9:38 of 1st period - Slapshot by Dustin Brown.
9:38 of 1st period - Goal by Dustin Brown - Jets : 1 - Canucks : 0.
9:39 of 1st period - Derek Roy wins face-off versus Mike Ribeiro in neutral zone.
9:42 of 1st period - Slapshot by Marco Scandella.
9:42 of 1st period - Deflect By Jamie McBain.
9:42 of 1st period - Stopped by Michal Neuvirth with a rebound.
10:25 of 1st period - Minor Penalty to Marco Scandella for Hooking.
10:26 of 1st period - Mike Ribeiro wins face-off versus Erik Haula in Jets zone.
10:35 of 1st period - Snap shot by Brad Boyes.
10:35 of 1st period - Goal by Brad Boyes - Jets : 1 - Canucks : 1.
10:36 of 1st period - Derek Roy wins face-off versus Mike Ribeiro in neutral zone.
12:12 of 1st period - Off-side.
12:13 of 1st period - James Wright wins face-off versus Matt Stajan in neutral zone.
12:24 of 1st period - Wrist shot by Chris Higgins.
12:24 of 1st period - Goal by Chris Higgins - Jets : 1 - Canucks : 2.
12:25 of 1st period - Mike Ribeiro wins face-off versus Derek Roy in neutral zone.
12:34 of 1st period - Slapshot by Mike Ribeiro.
12:34 of 1st period - Shot Blocked by Marco Scandella.
13:35 of 1st period - Slapshot by Marco Scandella.
13:35 of 1st period - Stopped by Michal Neuvirth with a rebound.
13:37 of 1st period - Snap shot by Marco Scandella.
13:37 of 1st period - Stopped by Michal Neuvirth with a rebound.
13:39 of 1st period - Slapshot by Marco Scandella.
13:39 of 1st period - Shot Misses the Net.
13:41 of 1st period - Slapshot by Benoit Pouliot.
13:41 of 1st period - Goal by Benoit Pouliot - Jets : 2 - Canucks : 2.
13:42 of 1st period - Derek Roy wins face-off versus Mike Ribeiro in neutral zone.
14:06 of 1st period - Icing by Anton Volchenkov.
14:07 of 1st period - Jiri Hudler wins face-off versus James Wright in Jets zone.
14:12 of 1st period - Snap shot by Matt Stajan.
14:12 of 1st period - Stopped by Kari Lehtonen without a rebound.
14:13 of 1st period - Matt Stajan wins face-off versus James Wright in Jets zone.
14:20 of 1st period - Snap shot by Jiri Hudler.
14:20 of 1st period - Stopped by Kari Lehtonen without a rebound.
14:21 of 1st period - Derek Roy wins face-off versus Mike Ribeiro in Jets zone.
14:56 of 1st period - Slapshot by Maxim Lapierre.
14:56 of 1st period - Stopped by Kari Lehtonen without a rebound.
14:57 of 1st period - Joe Colborne wins face-off versus Mike Ribeiro in Jets zone.
15:28 of 1st period - Tyler Myers is hit by Matt Stajan and loses puck.
15:51 of 1st period - Off-side.
15:52 of 1st period - Maxim Lapierre wins face-off versus Joe Colborne in neutral zone.
15:55 of 1st period - Slapshot by Peter Prucha.
15:55 of 1st period - Stopped by Kari Lehtonen without a rebound.
15:56 of 1st period - Marcus Johansson wins face-off versus Maxim Lapierre in Jets zone.
15:56 of 1st period - Marcus Johansson is hit by Ryan Hollweg.
16:02 of 1st period - Slapshot by Shea Weber.
16:02 of 1st period - Shot Blocked by Alex Goligoski.
18:05 of 1st period - Snap shot by Peter Prucha.
18:05 of 1st period - Shot Misses the Net.
18:13 of 1st period - Wrist shot by Benoit Pouliot.
18:13 of 1st period - Shot Blocked by Shaone Morrisonn.
18:15 of 1st period - Slapshot by Dustin Brown.
18:15 of 1st period - Stopped by Michal Neuvirth with a rebound.
18:17 of 1st period - Slapshot by Justin Falk.
18:17 of 1st period - Stopped by Michal Neuvirth with a rebound.
18:19 of 1st period - Snap shot by Derek Roy.
18:19 of 1st period - Shot Misses the Net.
18:27 of 1st period - Slapshot by Benoit Pouliot.
18:27 of 1st period - Deflect By Derek Roy.
18:27 of 1st period - Shot Blocked by Shaone Morrisonn.
18:27 of 1st period - Puck is out of play.
18:28 of 1st period - James Wright wins face-off versus Mike Ribeiro in Canucks zone.
18:37 of 1st period - Wrist shot by Alexander Frolov.
18:37 of 1st period - Stopped by Michal Neuvirth with a rebound.
18:39 of 1st period - Slapshot by Eric Gelinas.
18:39 of 1st period - Stopped by Michal Neuvirth with a rebound.
19:56 of 1st period - Snap shot by Shaone Morrisonn.
19:56 of 1st period - Stopped by Kari Lehtonen without a rebound.
19:57 of 1st period - Matt Stajan wins face-off versus Lee Stempniak in Jets zone.
19:58 of 1st period - Snap shot by Jiri Hudler.
19:58 of 1st period - Stopped by Kari Lehtonen without a rebound.
19:59 of 1st period - Matt Stajan wins face-off versus Joe Colborne in Jets zone.
Goals for this period are 2 for Jets vs 2 for Canucks.
Shots for this period are 11 for Jets vs 17 for Canucks.
2nd period
0:01 of 2nd period - Mike Ribeiro wins face-off versus Derek Roy in neutral zone.
0:26 of 2nd period - Anton Volchenkov is hit by Ryan Hollweg and loses puck.
0:37 of 2nd period - Slapshot by Derek Roy.
0:37 of 2nd period - Stopped by Michal Neuvirth without a rebound.
0:38 of 2nd period - Mike Ribeiro wins face-off versus James Wright in Canucks zone.
0:50 of 2nd period - Minor Penalty to Alexander Frolov for Charging.
0:51 of 2nd period - Erik Haula wins face-off versus Mike Ribeiro in Jets zone.
0:55 of 2nd period - Snap shot by Clarke MacArthur.
0:55 of 2nd period - Goal by Clarke MacArthur - Jets : 2 - Canucks : 3.
0:56 of 2nd period - Derek Roy wins face-off versus Mike Ribeiro in neutral zone.
1:01 of 2nd period - Wrist shot by Derek Roy.
1:01 of 2nd period - Shot Misses the Net.
1:03 of 2nd period - Wrist shot by Dustin Brown.
1:03 of 2nd period - Deflect By Alex Goligoski.
1:03 of 2nd period - Shot Misses the Net.
1:03 of 2nd period - Puck is out of play.
1:04 of 2nd period - Derek Roy wins face-off versus Mike Ribeiro in Canucks zone.
1:09 of 2nd period - Wrist shot by Derek Roy.
1:09 of 2nd period - Shot Misses the Net.
1:15 of 2nd period - Snap shot by Benoit Pouliot.
1:15 of 2nd period - Deflect By Jamie McBain.
1:15 of 2nd period - Stopped by Michal Neuvirth without a rebound.
1:16 of 2nd period - Clarke MacArthur wins face-off versus James Wright in Canucks zone.
1:42 of 2nd period - Alex Goligoski is hit by Derek Roy and loses puck.
2:08 of 2nd period - Jamie McBain is hit by Lee Stempniak and loses puck.
2:27 of 2nd period - Snap shot by Clarke MacArthur.
2:27 of 2nd period - Stopped by Kari Lehtonen without a rebound.
2:28 of 2nd period - Derek Roy wins face-off versus Mike Ribeiro in Jets zone.
2:30 of 2nd period - Minor Penalty to Marco Scandella for Tripping.
2:31 of 2nd period - Mike Ribeiro wins face-off versus Erik Haula in Jets zone.
2:33 of 2nd period - Snap shot by Mike Ribeiro.
2:33 of 2nd period - Stopped by Kari Lehtonen without a rebound.
2:34 of 2nd period - Brad Boyes wins face-off versus Erik Haula in Jets zone.
2:43 of 2nd period - Slapshot by Brad Boyes.
2:43 of 2nd period - Goal by Brad Boyes - Jets : 2 - Canucks : 4.
2:44 of 2nd period - Mike Ribeiro wins face-off versus James Wright in neutral zone.
4:20 of 2nd period - Slapshot by Shea Weber.
4:20 of 2nd period - Stopped by Michal Neuvirth with a rebound.
5:02 of 2nd period - Snap shot by Anton Volchenkov.
5:02 of 2nd period - Shot Blocked by Danny DeKeiser.
5:25 of 2nd period - Alex Goligoski is hit by James Wright and loses puck.
5:38 of 2nd period - Peter Prucha is hit by Marco Scandella and loses puck.
6:29 of 2nd period - Minor Penalty to Matt Stajan for Slashing.
6:30 of 2nd period - Derek Roy wins face-off versus Mike Ribeiro in Canucks zone.
7:10 of 2nd period - Slapshot by Shea Weber.
7:10 of 2nd period - Stopped by Michal Neuvirth without a rebound.
7:11 of 2nd period - Derek Roy wins face-off versus Mike Ribeiro in Canucks zone.
8:29 of 2nd period - Penalty to Matt Stajan is over, Matt Stajan is back on ice.
8:49 of 2nd period - Snap shot by Maxim Lapierre.
8:49 of 2nd period - Stopped by Kari Lehtonen without a rebound.
8:50 of 2nd period - Matt Stajan wins face-off versus James Wright in Jets zone.
8:55 of 2nd period - Wrist shot by Chris Higgins.
8:55 of 2nd period - Stopped by Kari Lehtonen without a rebound.
8:56 of 2nd period - Matt Stajan wins face-off versus James Wright in Jets zone.
9:23 of 2nd period - Wrist shot by Benoit Pouliot.
9:23 of 2nd period - Shot Misses the Net.
9:25 of 2nd period - Wrist shot by Dustin Brown.
9:25 of 2nd period - Shot Misses the Net.
9:27 of 2nd period - Snap shot by Derek Roy.
9:27 of 2nd period - Stopped by Michal Neuvirth without a rebound.
9:28 of 2nd period - Mike Ribeiro wins face-off versus Derek Roy in Canucks zone.
10:37 of 2nd period - Snap shot by Benoit Pouliot.
10:37 of 2nd period - Stopped by Michal Neuvirth with a rebound.
10:45 of 2nd period - Slapshot by Maxim Lapierre.
10:45 of 2nd period - Shot Misses the Net.
10:47 of 2nd period - Slapshot by Maxim Lapierre.
10:47 of 2nd period - Deflect By Eric Gelinas.
10:47 of 2nd period - Stopped by Kari Lehtonen with a rebound.
10:49 of 2nd period - Wrist shot by Shaone Morrisonn.
10:49 of 2nd period - Stopped by Kari Lehtonen with a rebound.
10:51 of 2nd period - Slapshot by Danny DeKeiser.
10:51 of 2nd period - Shot Misses the Net.
10:53 of 2nd period - Wrist shot by Ryan Hollweg.
10:53 of 2nd period - Goal by Ryan Hollweg - Jets : 2 - Canucks : 5.
10:54 of 2nd period - Derek Roy wins face-off versus Mike Ribeiro in neutral zone.
11:32 of 2nd period - Wrist shot by Benoit Pouliot.
11:32 of 2nd period - Deflect By Derek Roy.
11:32 of 2nd period - Stopped by Michal Neuvirth without a rebound.
11:33 of 2nd period - Mike Ribeiro wins face-off versus James Wright in Canucks zone.
11:39 of 2nd period - Wrist shot by Alexander Frolov.
11:39 of 2nd period - Shot Blocked by Ben Lovejoy.
11:41 of 2nd period - Snap shot by Devin Setoguchi.
11:41 of 2nd period - Stopped by Michal Neuvirth with a rebound.
11:43 of 2nd period - Slapshot by Justin Falk.
11:43 of 2nd period - Stopped by Michal Neuvirth without a rebound.
11:44 of 2nd period - Mike Ribeiro wins face-off versus James Wright in Canucks zone.
12:10 of 2nd period - Alex Goligoski is hit by Tyler Myers and loses puck.
12:53 of 2nd period - Off-side.
12:54 of 2nd period - Mike Ribeiro wins face-off versus Josh Bailey in neutral zone.
12:59 of 2nd period - Snap shot by Clarke MacArthur.
12:59 of 2nd period - Shot Misses the Net.
13:35 of 2nd period - Snap shot by Brad Boyes.
13:35 of 2nd period - Shot Blocked by Eric Gelinas.
13:41 of 2nd period - Clarke MacArthur is hit by Erik Haula and loses puck.
13:58 of 2nd period - Wrist shot by Josh Bailey.
13:58 of 2nd period - Shot Misses the Net.
14:00 of 2nd period - Snap shot by Justin Falk.
14:00 of 2nd period - Deflect By Ben Lovejoy.
14:00 of 2nd period - Stopped by Michal Neuvirth without a rebound.
14:01 of 2nd period - Derek Roy wins face-off versus Matt Stajan in Canucks zone.
14:33 of 2nd period - Slapshot by Jamie McBain.
14:33 of 2nd period - Stopped by Kari Lehtonen with a rebound.
14:35 of 2nd period - Snap shot by Ryan Hollweg.
14:35 of 2nd period - Stopped by Kari Lehtonen without a rebound.
14:36 of 2nd period - Maxim Lapierre wins face-off versus Joe Colborne in Jets zone.
14:39 of 2nd period - Slapshot by Ryan Hollweg.
14:39 of 2nd period - Stopped by Kari Lehtonen with a rebound.
14:47 of 2nd period - Snap shot by Marcus Johansson.
14:47 of 2nd period - Stopped by Michal Neuvirth with a rebound.
14:49 of 2nd period - Snap shot by Joe Colborne.
14:49 of 2nd period - Shot Misses the Net.
16:10 of 2nd period - James Wright is hit by Chris Higgins and loses puck.
16:29 of 2nd period - Ben Lovejoy is hit by Marcus Johansson and loses puck.
17:00 of 2nd period - Slapshot by Ben Lovejoy.
17:00 of 2nd period - Stopped by Kari Lehtonen without a rebound.
17:01 of 2nd period - James Wright wins face-off versus Matt Stajan in Jets zone.
17:10 of 2nd period - Wrist shot by Devin Setoguchi.
17:10 of 2nd period - Stopped by Michal Neuvirth with a rebound.
17:24 of 2nd period - Wrist shot by Marcus Johansson.
17:24 of 2nd period - Stopped by Michal Neuvirth with a rebound.
17:39 of 2nd period - Off-side.
17:40 of 2nd period - Derek Roy wins face-off versus Maxim Lapierre in neutral zone.
18:40 of 2nd period - Jamie McBain is hit by Anton Volchenkov and loses puck.
18:53 of 2nd period - Justin Falk is hit by Matt Stajan and loses puck.
19:24 of 2nd period - Wrist shot by Marcus Johansson.
19:24 of 2nd period - Shot Misses the Net.
19:26 of 2nd period - Snap shot by Lee Stempniak.
19:26 of 2nd period - Stopped by Michal Neuvirth with a rebound.
19:28 of 2nd period - Snap shot by Shea Weber.
19:28 of 2nd period - Shot Misses the Net.
Goals for this period are 0 for Jets vs 3 for Canucks.
Shots for this period are 14 for Jets vs 13 for Canucks.
3rd period
0:01 of 3rd period - Derek Roy wins face-off versus Mike Ribeiro in neutral zone.
0:05 of 3rd period - Off-side.
0:06 of 3rd period - Derek Roy wins face-off versus Mike Ribeiro in neutral zone.
0:09 of 3rd period - Slapshot by Dustin Brown.
0:09 of 3rd period - Deflect By Benoit Pouliot.
0:09 of 3rd period - Stopped by Michal Neuvirth with a rebound.
0:11 of 3rd period - Wrist shot by Dustin Brown.
0:11 of 3rd period - Deflect By Clarke MacArthur.
0:11 of 3rd period - Shot Misses the Net.
0:11 of 3rd period - Puck is out of play.
0:12 of 3rd period - Mike Ribeiro wins face-off versus James Wright in Canucks zone.
0:27 of 3rd period - Wrist shot by James Wright.
0:27 of 3rd period - Shot Misses the Net.
1:39 of 3rd period - Slapshot by Lee Stempniak.
1:39 of 3rd period - Shot Misses the Net.
1:41 of 3rd period - Snap shot by Joe Colborne.
1:41 of 3rd period - Stopped by Michal Neuvirth with a rebound.
1:43 of 3rd period - Slapshot by Marco Scandella.
1:43 of 3rd period - Shot Misses the Net.
1:45 of 3rd period - Slapshot by Lee Stempniak.
1:45 of 3rd period - Shot Misses the Net.
2:28 of 3rd period - Wrist shot by Joe Colborne.
2:28 of 3rd period - Stopped by Michal Neuvirth without a rebound.
2:29 of 3rd period - Matt Stajan wins face-off versus Derek Roy in Canucks zone.
2:51 of 3rd period - Minor Penalty to Matt Stajan for Slashing.
2:52 of 3rd period - Chris Higgins wins face-off versus Derek Roy in Canucks zone.
4:51 of 3rd period - Penalty to Matt Stajan is over, Matt Stajan is back on ice.
5:01 of 3rd period - Ben Lovejoy is hit by Erik Haula and loses puck.
5:06 of 3rd period - Wrist shot by Anton Volchenkov.
5:06 of 3rd period - Stopped by Michal Neuvirth without a rebound.
5:07 of 3rd period - Joe Colborne wins face-off versus Matt Stajan in Canucks zone.
5:18 of 3rd period - Backhand shot by Joe Colborne.
5:18 of 3rd period - Shot Blocked by Shaone Morrisonn.
6:18 of 3rd period - Minor Penalty to Devin Setoguchi for Interference.
6:19 of 3rd period - Erik Haula wins face-off versus Mike Ribeiro in Jets zone.
6:46 of 3rd period - Marco Scandella is hit by Nik Antropov and loses puck.
8:16 of 3rd period - Icing by Danny DeKeiser.
8:17 of 3rd period - Nik Antropov wins face-off versus Derek Roy in Canucks zone.
8:18 of 3rd period - Penalty to Devin Setoguchi is over, Devin Setoguchi is back on ice.
8:34 of 3rd period - Wrist shot by Marcus Johansson.
8:34 of 3rd period - Shot Misses the Net.
9:23 of 3rd period - Anton Volchenkov is hit by Alex Goligoski and loses puck.
10:35 of 3rd period - Snap shot by Shea Weber.
10:35 of 3rd period - Stopped by Michal Neuvirth without a rebound.
10:36 of 3rd period - James Wright wins face-off versus Mike Ribeiro in Canucks zone.
10:37 of 3rd period - Wrist shot by Devin Setoguchi.
10:37 of 3rd period - Shot Blocked by Alex Goligoski.
10:49 of 3rd period - Wrist shot by Alexander Frolov.
10:49 of 3rd period - Shot Blocked by Brad Boyes.
11:03 of 3rd period - Snap shot by Lee Stempniak.
11:03 of 3rd period - Shot Misses the Net.
11:05 of 3rd period - Wrist shot by Joe Colborne.
11:05 of 3rd period - Shot Misses the Net.
11:07 of 3rd period - Backhand shot by Justin Falk.
11:07 of 3rd period - Shot Misses the Net.
11:09 of 3rd period - Wrist shot by Lee Stempniak.
11:09 of 3rd period - Deflect By Joe Colborne.
11:09 of 3rd period - Goal by Joe Colborne - Jets : 3 - Canucks : 5.
11:10 of 3rd period - Derek Roy wins face-off versus Matt Stajan in neutral zone.
11:28 of 3rd period - Off-side.
11:29 of 3rd period - James Wright wins face-off versus Mike Ribeiro in neutral zone.
11:32 of 3rd period - Snap shot by Devin Setoguchi.
11:32 of 3rd period - Stopped by Michal Neuvirth without a rebound.
11:33 of 3rd period - Mike Ribeiro wins face-off versus Alexander Frolov in Canucks zone.
11:46 of 3rd period - Snap shot by Alexander Frolov.
11:46 of 3rd period - Stopped by Michal Neuvirth with a rebound.
11:48 of 3rd period - Snap shot by Alexander Frolov.
11:48 of 3rd period - Shot Misses the Net.
12:28 of 3rd period - Off-side.
12:29 of 3rd period - Mike Ribeiro wins face-off versus Derek Roy in neutral zone.
14:12 of 3rd period - Minor Penalty to Alexander Frolov for Boarding.
14:13 of 3rd period - Mike Ribeiro wins face-off versus Erik Haula in Jets zone.
14:26 of 3rd period - Slapshot by Brad Boyes.
14:26 of 3rd period - Shot Blocked by Shea Weber.
15:53 of 3rd period - Danny DeKeiser is hit by Derek Roy.
16:12 of 3rd period - Penalty to Alexander Frolov is over, Alexander Frolov is back on ice.
16:41 of 3rd period - Jiri Hudler is hit by Benoit Pouliot and loses puck.
17:10 of 3rd period - Sami Lepisto is hit by Lee Stempniak and loses puck.
17:19 of 3rd period - Wrist shot by Joe Colborne.
17:19 of 3rd period - Stopped by Michal Neuvirth with a rebound.
17:21 of 3rd period - Slapshot by Marcus Johansson.
17:21 of 3rd period - Shot Misses the Net.
17:31 of 3rd period - Benoit Pouliot is hit by Danny DeKeiser and loses puck.
18:04 of 3rd period - Shaone Morrisonn is hit by Alexander Frolov.
18:35 of 3rd period - Minor Penalty to Lee Stempniak for Goalie Interference.
18:36 of 3rd period - Mike Ribeiro wins face-off versus Erik Haula in Jets zone.
18:37 of 3rd period - Backhand shot by Brad Boyes.
18:37 of 3rd period - Shot Blocked by Tyler Myers.
18:39 of 3rd period - Slapshot by Clarke MacArthur.
18:39 of 3rd period - Shot Blocked by Marco Scandella.
Goals for this period are 1 for Jets vs 0 for Canucks.
Shots for this period are 9 for Jets vs 0 for Canucks.
Back to the Top